 Dungeon Crawl Stone Soup version 0.17.1-1-g73c8601 (webtiles) character file.

2485 Elvalys the Skirmisher (level 9, -3/71 HPs)
             Began as a Demonspawn Wizard on Dec 12, 2015.
             Was an Initiate of Vehumet.
             Slain by Erolcha
             ... wielding a +0 giant club
              (29 damage)
             ... on level 8 of the Dungeon.
             The game lasted 00:50:32 (8556 turns).

Elvalys the Skirmisher (Demonspawn Wizard)          Turns: 8556, Time: 00:50:32

Health: -3/71      AC: 14    Str: 12    XL:     9   Next: 27%
Magic:  16/16      EV: 11    Int: 23    God:    Vehumet [......]
Gold:   352        SH:  3    Dex: 10    Spells: 4 memorised, 10 levels left

rFire  + + .     SeeInvis .     O - +3 battleaxe of Bavobb {pain, rF+ rC- MR++ Dex-2}
rCold  x . .     Clarity  .     u - +3 leather armour
rNeg   . . .     SustAt   .     (shield currently unavailable)
rPois  +         Gourm    .     C - +2 hat
rElec  .         Spirit   .     J - +2 cloak
rCorr  .         Warding  .     (no gloves)
rMut   .         Stasis   .     (no boots)
MR     ++...                    D - amulet of Ukiguim {*Confuse rPois rC+ Regen+}
Stlth  ++++......               I - ring of loudness (curse)
                                m - ring of fire

@: mighty, very resistant to hostile enchantments, stealthy
A: talons 2, large bone plates 2, nightstalker 2
a: Renounce Religion


You were on level 8 of the Dungeon.
You worshipped Vehumet.
Vehumet was noncommittal.
You were hungry.

You visited 2 branches of the dungeon, and saw 9 of its levels.

You collected 443 gold pieces.
You spent 91 gold pieces at shops.

Inventory:

Hand Weapons
 t - a +0 short sword of venom
 y - a +0 lajatang
 O - the +3 battleaxe of Bavobb (weapon) {pain, rF+ rC- MR++ Dex-2}
   (You found it on level 8 of the Dungeon)

   In the hands of one skilled in necromantic magic, it inflicts extra damage on
   living creatures.
   It affects your dexterity (-2).
   It protects you from fire.
   It makes you vulnerable to cold.
   It affects your resistance to hostile enchantments.
Missiles
 l - 8 tomahawks (quivered)
Armour
 a - a +0 robe
 u - a +3 leather armour (worn)
 B - a +0 cloak
 C - a +2 hat (worn)
 J - a +2 cloak (worn)
Jewellery
 m - a ring of fire (left hand)
 D - the amulet of Ukiguim (around neck) {*Confuse rPois rC+ Regen+}
   (You found it on level 6 of the Dungeon)

   [amulet of regeneration]

   It protects you from cold.
   It protects you from poison.
   It increases your rate of regeneration.
   It may confuse you when you take damage.
 I - a cursed ring of loudness (right hand)
Wands
 b - a wand of slowing (16)
 M - a wand of confusion (23)
Scrolls
 g - 3 scrolls of remove curse {unknown}
 h - 5 scrolls of identify
 i - 4 scrolls of enchant weapon {unknown}
 n - 3 scrolls of recharging {unknown}
 q - 4 scrolls of fear {unknown}
 s - 5 scrolls of immolation {unknown}
 v - 2 scrolls of enchant armour {unknown}
 G - a scroll of noise {unknown}
 H - a scroll of magic mapping {unknown}
 N - a scroll of random uselessness {unknown}
Potions
 e - 2 potions of curing
 j - a potion of lignification
 k - 2 potions of heal wounds
 o - 2 potions of poison {unknown}
 p - a potion of brilliance {unknown}
 r - a potion of degeneration {unknown}
 w - a potion of magic
 x - a potion of invisibility
 z - a potion of agility
 A - 3 potions of might
 E - a potion of mutation {unknown}
 L - a potion of haste {unknown}
Books
 c - a book of Minor Magic

   Spells                             Type                      Level
   a - Magic Dart                     Conjuration                  1
   b - Blink                          Translocation                2
   c - Call Imp                       Summoning                    2
   d - Repel Missiles                 Charms/Air                   2
   e - Slow                           Hexes                        2
   f - Conjure Flame                  Conjuration/Fire             3
   g - Mephitic Cloud                 Conjuration/Poison/Air       3
 F - a book of Burglary

   Spells                             Type                      Level
   a - Swiftness                      Charms/Air                   2
   b - Passwall                       Transmutation/Earth          3
   c - Passage of Golubria            Translocation                4
   d - Lee's Rapid Deconstruction     Earth                        5
   e - Darkness                       Hexes                        6
   f - Invisibility                   Hexes                        6
Comestibles
 d - 9 bread rations
 f - 5 meat rations
 K - a chunk of flesh


   Skills:
 * Level 6.8 Fighting
 - Level 0.6 Short Blades
 - Level 1.7 Dodging
 * Level 6.7 Stealth
 + Level 5.0 Spellcasting
 * Level 4.8 Conjurations
 * Level 1.7 Hexes
 * Level 4.2 Summonings
   Level 0.8 Translocations


You had 10 spell levels left.
You knew the following spells:

 Your Spells              Type           Power        Failure   Level  Hunger
a - Magic Dart            Conj           ####         1%          1    None
b - Call Imp              Summ           ####....     3%          2    None
c - Slow                  Hex            ##......     12%         2    None
d - Mephitic Cloud        Conj/Pois/Air  ##......     21%         3    ##.....


Dungeon Overview and Level Annotations

Branches:
Dungeon (8/15)             Temple (1/1) D:7
   Lair: D:8-11

Altars:
Ashenzari
Cheibriados
Dithmenos
Elyvilon
Fedhas
Gozag
Kikubaaqudgha
Makhleb
Nemelex Xobeh
Qazlal
Ru
Sif Muna
Trog
Vehumet
Xom
Zin
The Shining One

Shops:
D:4 *

Annotations:
D:7 exclusion: oklob plant
D:8 Erolcha


Innate Abilities, Weirdness & Mutations

You have razor-sharp toenails.
You are mostly covered in large bone plates (AC +3, SH +3).
You are significantly more attuned to the shadows.


Message History

It was a potion of might.
You feel very mighty all of a sudden. Something hits you!
* * * LOW HITPOINT WARNING * * *
You closely miss something.
You hear some strange, mumbled words.
A bolt of poison appears from out of thin air!
The bolt of poison hits you! You resist.
* * * LOW HITPOINT WARNING * * *
Something completely misses you.
You slash something! Your kick misses something.
You hear some strange, mumbled words.
An orb of energy appears from out of thin air!
The orb of energy hits you!
* * * LOW HITPOINT WARNING * * *
The orb of energy explodes!
You feel much better. Something hits you but does no damage.
You closely miss something. You claw something! You block its attack.
You barely miss something. Your kick misses something. Something hits you!!
You die...

..# #########..#
#..........#
#.######...# #.#
##...####+ #.#
#........... #.#
#........... #.#
#........... #@#
#...........
#.{....+.......>...
###.####...........
.# #........... ..
###########. #..
#........
+#######+.....
#...#...#.....
#...#...#.....


There were no monsters in sight!

Vanquished Creatures
  A spriggan (D:7)
  A water moccasin (D:6)
  2 steam dragons (D:8)
  A necrophage (D:6)
  A sky beast (D:6)
  2 phantoms
  2 centaurs
  3 giant frogs
  A water moccasin zombie (D:7)
  A crimson imp (D:7)
  7 orc wizards
  4 hounds
  6 jellies
  A centaur zombie (D:5)
  A gnoll shaman (D:6)
  An iguana (D:7)
  6 worker ants
  2 orc priests (D:7)
  A hound zombie (D:5)
  A hound skeleton (D:4)
  6 gnolls
  A river rat (D:3)
  3 shadow imps
  4 adders
  An adder skeleton (D:4)
  6 oozes
  3 worms
  9 giant geckos
  17 orcs
  A ball python (D:2)
  14 bats
  6 giant cockroaches
  5 goblins
  6 hobgoblins
  3 jackals (D:2)
  2 quokkas
  5 giant newts
  2 kobolds
  9 rats
148 creatures vanquished.

Vanquished Creatures (collateral kills)
  An ogre (D:4)
  A gnoll (D:6)
2 creatures vanquished.

Vanquished Creatures (others)
  3 fungi (D:7)
3 creatures vanquished.

Grand Total: 153 creatures vanquished

Notes
Turn   | Place    | Note
--------------------------------------------------------------
     0 | D:1      | Elvalys the Demonspawn Wizard began the quest for the Orb.
     0 | D:1      | Reached XP level 1. HP: 13/13 MP: 4/4
   539 | D:1      | Gained mutation: You are partially covered in large bone plates (AC +2, SH +2). [demonic ancestry]
   539 | D:1      | Reached XP level 2. HP: 20/20 MP: 4/6
   640 | D:1      | Learned a level 2 spell: Call Imp
  1042 | D:2      | Reached skill level 1 in Fighting
  1336 | D:2      | Gained mutation: You are slightly more attuned to the shadows. [demonic ancestry]
  1336 | D:2      | Reached XP level 3. HP: 26/26 MP: 5/8
  2059 | D:3      | Learned a level 2 spell: Slow
  2126 | D:3      | Reached XP level 4. HP: 19/32 MP: 6/9
  3271 | D:4      | Found Luoma's General Store.
  3274 | D:4      | Bought a potion of agility for 52 gold pieces
  3274 | D:4      | Bought a potion of curing for 39 gold pieces
  3282 | D:4      | Noticed an ogre
  3288 | D:4      | Killed an ogre
  3288 | D:4      | Reached skill level 4 in Spellcasting
  3288 | D:4      | Gained mutation: You have sharp toenails. [demonic ancestry]
  3288 | D:4      | Reached XP level 5. HP: 38/38 MP: 4/11
  4033 | D:5      | Entered Level 5 of the Dungeon
  4039 | D:5      | Gained mutation: You are mostly covered in large bone plates (AC +3, SH +3). [demonic ancestry]
  4039 | D:5      | Reached XP level 6. HP: 45/45 MP: 12/12
  4072 | D:5      | Noticed a centaur
  4083 | D:5      | Killed a centaur
  4738 | D:5      | Noticed a fire elemental
  4739 | D:5      | Found a stormy altar of Qazlal.
  4741 | D:5      | Noticed an air elemental
  4741 | D:5      | Noticed a water elemental
  4865 | D:5      | Noticed a phantom
  4896 | D:5      | Killed a phantom
  4896 | D:5      | Gained mutation: You are significantly more attuned to the shadows. [demonic ancestry]
  4896 | D:5      | Reached XP level 7. HP: 37/52 MP: 5/13
  5185 | D:5      | Found a shimmering altar of Xom.
  5894 | D:6      | Reached skill level 5 in Stealth
  5894 | D:6      | Gained mutation: You have razor-sharp toenails. [demonic ancestry]
  5894 | D:6      | Reached XP level 8. HP: 8/61 MP: 6/15
  6130 | D:6      | Got a bound lead amulet
  6131 | D:6      | Identified the amulet of Ukiguim {*Confuse rPois rC+ Regen+} (You found it on level 6 of the Dungeon)
  6603 | D:7      | Reached skill level 5 in Fighting
  6848 | D:7      | Found an ancient bone altar of Kikubaaqudgha.
  6854 | D:7      | Found a glowing silver altar of Zin.
  6963 | D:7      | Reached skill level 6 in Stealth
  7222 | D:7      | Noticed an oklob plant
  7284 | D:7      | Found a staircase to the Ecumenical Temple.
  7296 | Temple   | Entered the Ecumenical Temple
  7662 | Temple   | Became a worshipper of Vehumet
  7894 | D:7      | Reached skill level 1 in Hexes
  7894 | D:7      | Reached XP level 9. HP: 66/69 MP: 16/16
  7899 | D:7      | Learned a level 3 spell: Mephitic Cloud
  7926 | D:7      | Reached skill level 5 in Spellcasting
  8089 | D:8      | Found a sacrificial altar of Ru.
  8249 | D:8      | Found a white marble altar of Elyvilon.
  8524 | D:8      | Got an encrusted battleaxe
  8525 | D:8      | Identified the +3 battleaxe of Bavobb {pain, rF+ rC- MR++ Dex-2} (You found it on level 8 of the Dungeon)
  8536 | D:8      | Noticed Erolcha
  8556 | D:8      | Slain by Erolcha

Action                   |  1- 3 |  4- 6 |  7- 9 || total
-------------------------+-------+-------+-------++-------
Melee: Club              |    13 |       |       ||    13
       Spear             |    60 |       |       ||    60
       Short sword       |    18 |    36 |       ||    54
       Lajatang          |       |    83 |   319 ||   402
       Battleaxe         |       |       |    12 ||    12
 Cast: Magic Dart        |    76 |    62 |    48 ||   186
       Call Imp          |       |     3 |     2 ||     5
       Slow              |       |       |     1 ||     1
  Use: Scroll            |       |     4 |       ||     4
       Potion            |       |     1 |     5 ||     6
 Stab: Sleeping          |     3 |    12 |    14 ||    29
       Paralysed         |       |       |     1 ||     1
  Eat: Chunk             |     4 |     2 |     8 ||    14
       Pizza             |       |     1 |       ||     1
       Meat ration       |       |     1 |       ||     1
       Bread ration      |       |       |     1 ||     1
       Beef jerky        |       |       |     1 ||     1
